 Dungeon Crawl Stone Soup version 0.30.1-11-g7821555f0a (webtiles) character file.

Game seed: 10336738358652472713

87 KittyFluff the Cudgeller (level 4, -1/43 HPs)
             Began as a Gargoyle Berserker on Nov 11, 2023.
             Was a Believer of Trog.
             Slain by Sigmund
             ... wielding a +0 scythe
              (5 damage)
             ... on level 2 of the Dungeon.
             The game lasted 00:05:29 (1396 turns).

KittyFluff the Cudgeller (Gargoyle Berserker)       Turns: 1396, Time: 00:05:29

Health: -1/43      AC:  5    Str: 29    XL:     4   Next: 51%
Magic:  4/4        EV: 12    Int:  7    God:    Trog [**....]
Gold:   184        SH:  0    Dex:  9    Spells: 3/3 levels left

rFire   . . .        a - +0 mace
rCold   . . .        (no shield)
rNeg    + . .        b - +0 animal skin
rPois   ∞            (no helmet)
rElec   +            (no cloak)
rCorr   .            (no gloves)
SInv    .            (no boots)
Will    .....        (no amulet) Stlth
                     k - +6 ring of strength
HPRegen 0.27/turn    (no ring)
MPRegen 0.09/turn

%: no passive effects
@: berserking, very quick
A: sickness immunity, AC +3, negative energy resistance 1, electricity
resistance, torment resistance 1, petrification resistance
a: Renounce Religion, Berserk, Trog's Hand


You were on level 2 of the Dungeon.
You worshipped Trog.
Trog was pleased with you.
You visited 1 branch of the dungeon, and saw 2 of its levels.

You collected 184 gold pieces.

Inventory:

Hand Weapons
 a - a +0 mace (weapon)
Armour
 b - a +0 animal skin (worn)
Jewellery
 k - a +6 ring of strength (left hand)
Scrolls
 c - a scroll of enchant weapon {unknown}
 d - a scroll of identify {unknown}
 e - a scroll of fear {unknown}
 h - a scroll of amnesia {unknown}
 j - a scroll of magic mapping {unknown}
 l - a scroll of poison {unknown}
Potions
 f - 2 potions of brilliance {unknown}
 g - 2 potions of attraction {unknown}
 i - a potion of might {unknown}


   Skills:
 + Level 3.6 Fighting
 * Level 3.7 Maces & Flails
 * Level 3.2 Armour
 + Level 1.9 Dodging
 + Level 1.6 Stealth


You had 3 spell levels left.
You didn't know any spells.
Your spell library was empty.

Dungeon Overview and Level Annotations

Branches:
Dungeon (2/15)

Altars:

Annotations:
D:2 Sigmund


Innate Abilities, Weirdness & Mutations

You are immune to sickness and miasma.
Your stone body is resilient. (AC +3)
You are immune to poison.
You resist negative energy. (rN+)
You are resistant to electric shocks. (rElec)
You are resistant to unholy torment.
You are immune to petrification.


Message History

Natasha growls in agony!
The cerulean imp disappears in a puff of smoke!
A kobold comes into view. It is wielding a +0 dagger.
Sigmund hits you from afar with a +0 scythe!
The ball python misses you. The ball python grabs you.
The ball python constricts you.
You barely miss the ball python. The ball python closely misses you.
The ball python constricts you. Sigmund barely misses you.
You barely miss the ball python.
The ball python bites you but does no damage.
The ball python constricts you. The ball python barely misses you.
The ball python constricts you.
Sigmund casts a spell.
Sigmund flickers and vanishes!
Deactivating autopickup; reactivate with Ctrl-A.
You hear an angry hiss.
A red film seems to cover your vision as you go berserk!
You feel yourself moving faster!
You feel mighty! The ball python barely misses you.
The ball python constricts you. Something hits you but does no damage.
You closely miss the ball python. The ball python closely misses you.
The ball python constricts you.
You barely miss the ball python.
The ball python bites you but does no damage.
The ball python constricts you. Something hits you.
You closely miss the ball python. The ball python barely misses you.
The ball python constricts you.
You barely miss the ball python.
A ball python comes into view.
The ball python bites you. The ball python constricts you.
Something hits you but does no damage.
The ball python moves out of view.
You sock the ball python!
You kill the ball python!
Trog accepts your kill. Something hits you!
* * * LOW HITPOINT WARNING * * *
Things that are here:
a ball python corpse; the felid corpse of Natasha You miss something.
Something hits you.
You die...

## .. #####.#
# # ##...
...##.# #...
K#... #..# S..
#.|###{#.##.#
.. ....
#...)@......#
.....w
##.###########
. ... #...# #
#.#.. #...#
.#.#.#.w #...#
........
##.#.#
.#.......
##.###.## ..
#.... #.## #.#
#..#..#.
##.###.##
#..#..#.


You could see a ball python and a kobold.

Vanquished Creatures
  Natasha (D:2)
  An adder (D:2)
  3 dart slugs (D:1)
  6 ball pythons
  5 bats
  2 endoplasms (D:1)
  2 giant cockroaches (D:1)
  4 goblins (D:1)
  2 hobgoblins
  3 jackals (D:1)
  A quokka (D:1)
  5 frilled lizards
  6 kobolds (D:1)
  3 rats
44 creatures vanquished.

Notes
Turn   | Place    | Note
-------+----------+-------------------------------------------
     0 | D:1      | KittyFluff the Gargoyle Berserker began the quest for the
                  | Orb.
     0 | D:1      | Reached XP level 1. HP: 14/14 MP: 1/1
   322 | D:1      | Reached XP level 2. HP: 19/19 MP: 2/2
   575 | D:1      | Reached skill level 1 in Stealth
   577 | D:1      | Reached ** piety under Trog
   578 | D:1      | Reached XP level 3. HP: 20/23 MP: 3/3
  1242 | D:2      | Reached XP level 4. HP: 28/28 MP: 4/4
  1379 | D:2      | Noticed Natasha
  1379 | D:2      | Noticed Sigmund
  1386 | D:2      | Killed Natasha
  1396 | D:2      | Slain by Sigmund

Illustrated notes

Levels and vault maps discovered:
D:1:      matt_arrival_los_fun, layout_loops_corners, hangedman_feature_mirror
D:2:      layout_loops_cross, uniq_natasha, uniq_sigmund

Skill      XL: |  1  2  3 |
---------------+----------+-----
Stealth        | 1 |  1.6
Armour         | 3 |  3.2
Fighting       | |  3.6
Maces & Flails | |  3.7
Dodging        | |  1.9

Action                     |  1- 3 |  4- 6 || total
---------------------------+-------+-------++-------
  Melee: Mace              |   126 |    18 ||   144
         Punch             |     3 |       ||     3
 Invoke: Berserk           |       |     1 ||     1
 Armour: Animal skin       |    57 |     6 ||    63
  Dodge: Dodged            |    88 |    17 ||   105
